 Dungeon Crawl Stone Soup version 0.29-a0-872-g797fff5ad1 (webtiles) character file.

Game seed: 15079968832628316977

48154 zeratav the Tainter (level 14, -8/95 HPs)
             Began as an Octopode Venom Mage on July 18, 2022.
             Was an Initiate of Gozag.
             Mangled by a soul eater (14 damage)
             ... on level 11 of the Dungeon.
             The game lasted 01:18:56 (29699 turns).

zeratav the Tainter (Octopode Venom Mage)          Turns: 29699, Time: 01:18:56

Health: -8/95      AC:  2    Str:  7      XL:     14   Next: 45%
Magic:  40/42      EV: 16    Int: 21      God:    Gozag
Gold:   1069       SH:  0    Dex: 13 (14) Spells: 9/27 levels left

rFire   + + .      SeeInvis +   Q - +3 war axe of the Moth {holy, Fragile rN+++ MP+9, axe}
rCold   . . .      Faith    .   (no shield)
rNeg    + + +      Spirit   .   D - +1 hat {Stlth+}
rPois   .          Reflect  .   (no amulet)
rElec   .          Harm     .   C - ring of positive energy
rCorr   .          Rampage  .   F - ring of see invisible
Will    +....                   H - ring of magical power
Stlth   +++++.....              J - ring of protection from fire
HPRegen 0.25/turn               B - ring of protection from fire
MPRegen 0.28/turn               P - ring of flight
                                (no ring)
                                (no ring)

@: flying, studying Throwing
A: almost no armour, amphibious, 8 rings, camouflage 1, gelatinous body 1,
(nimble swimmer 1), tentacles
a: Renounce Religion, Potion Petition, Call Merchant, Bribe Branch


You were on level 11 of the Dungeon.
You worshipped Gozag.
Gozag was most pleased with you.
You visited 3 branches of the dungeon, and saw 17 of its levels.
You also visited: Sewer.

You collected 4332 gold pieces.
You spent 699 gold pieces at shops.
You paid 2564 gold pieces to Gozag.


Innate Abilities, Weirdness & Mutations

You cannot wear most types of armour.
You are amphibious.
You can wear up to eight rings at the same time.
Your skin changes colour to match your surroundings (Stealth+).
Your rubbery body absorbs attacks. (AC +1, EV +1)
((You are camouflaged when in or above water. (Stealth+)))
You have tentacles for arms and can constrict up to eight enemies at once.


   Skills:
 + Level 8.6 Fighting
 + Level 8.6 Dodging
 - Level 5.0 Stealth
 + Level 7.2 Spellcasting
 - Level 10.0 Conjurations
 + Level 7.6 Transmutations
 - Level 4.0 Fire Magic
 - Level 10.0 Ice Magic
 - Level 10.0 Air Magic
 - Level 10.0 Poison Magic


You had 9 spell levels left.
You knew the following spells:

 Your Spells              Type           Power      Damage    Failure   Level
a - Sting                 Tmut/Pois      100%       1d8       1%          1
b - Poisonous Vapours     Pois/Air       98%        N/A       1%          2
c - Olgreb's Toxic Radia  Pois           49%        N/A       1%          4
d - Ignite Poison         Fire/Tmut/Pois 37%        N/A       1%          3
e - Freezing Cloud        Conj/Ice/Air   24%        6-21      4%          5
f - Swiftness             Air            49%        N/A       1%          3

Your spell library contained the following spells:

 Spells                   Type           Power      Damage    Failure   Level
 Ensorcelled Hibernation  Hex/Ice        56%        N/A       1%          2
 Mephitic Cloud           Conj/Pois/Air  49%        N/A       1%          3
 Passwall                 Tmut/Erth      19%        N/A       2%          2
 Gell's Gravitas          Tloc           7%         N/A       26%         3
 Lesser Beckoning         Tloc           7%         N/A       26%         3
 Teleport Other           Tloc           7%         N/A       26%         3
 Eringya's Noxious Bog    Tmut/Pois      22%        N/A       34%         6
 Leda's Liquefaction      Hex/Erth       3%         N/A       65%         4
 Ozocubu's Refrigeration  Ice            24%        4d9       77%         7
 Ignition                 Fire           12%        3d6       100%        8

Inventory:

Hand Weapons
 a - a +2 long sword of holy wrath {long}
   (You found it on level 4 of the Dungeon)
 x - a +3 dagger {short}
   (You took it off a kobold brigand on level 6 of the Dungeon)
 O - a +3 trident of freezing {polearm}
   (You took it off a red devil on level 11 of the Dungeon)
 Q - the +3 war axe of the Moth (weapon) {holy, Fragile rN+++ MP+9, axe}
   (You took it off a centaur on level 8 of the Dungeon)

   It has been blessed by the Shining One to cause great damage to the undead
   and demons.
   rN:        It renders you almost immune to negative energy.
   MP:        It affects your magic capacity (+9).
   Fragile:   It will be destroyed if unequipped.
Missiles
 y - 12 curare-tipped darts {=fthrowing}
Armour
 D - a +1 hat of stealth (worn)
   (You took it off Gastronok on level 8 of the Dungeon)
Jewellery
 v - a ring of ice
   (You found it on level 2 of the Lair of Beasts)
 B - a ring of protection from fire (on tentacle)
   (You bought it in a shop on level 5 of the Lair of Beasts)
 C - a ring of positive energy (left tentacle)
   (You took it off an orc priest on level 8 of the Dungeon)
 F - a ring of see invisible (right tentacle)
   (You took it off a centaur on level 8 of the Dungeon)
 H - a ring of magical power (on tentacle)
   (You took it off a kobold brigand on level 9 of the Dungeon)
 J - a ring of protection from fire (on tentacle)
   (You bought it in a shop on level 1 of the Lair of Beasts)
 P - a ring of flight (on tentacle)
   (You found it on level 11 of the Dungeon)
Wands
 s - a wand of polymorph (14)
   (You found it on level 6 of the Dungeon)
 u - a wand of mindburst (30)
   (You took it off an orc on level 6 of the Dungeon)
 z - a wand of charming (20)
   (You found it on level 7 of the Dungeon)
 I - a wand of flame (22)
   (You took it off a kobold on level 9 of the Dungeon)
 K - a wand of quicksilver (16)
   (You found it on level 9 of the Dungeon)
Scrolls
 c - 2 scrolls of enchant weapon
 e - 2 scrolls of fog
 g - 3 scrolls of fear
 j - 2 scrolls of silence {!r}
 m - 3 scrolls of magic mapping {!r}
 n - 2 scrolls of vulnerability {!r!r}
 q - 7 scrolls of blinking {!r}
 r - 10 scrolls of teleportation {@r4}
 E - 5 scrolls of identify {@r1}
 L - a scroll of amnesia
 M - 2 scrolls of enchant armour
Potions
 b - 3 potions of haste {@q3}
 d - 4 potions of lignification {!q}
 f - a potion of cancellation
 h - 4 potions of attraction {!q}
 i - 10 potions of curing {@q1}
 k - a potion of ambrosia {unknown}
 l - 2 potions of might
 o - a potion of mutation {unknown}
 p - 4 potions of flight {unknown}
 t - 2 potions of berserk rage {unknown}
 w - 3 potions of heal wounds {@q2}
 A - 3 potions of brilliance {unknown}
 G - 3 potions of degeneration {unknown}
 N - a potion of magic

Dungeon Overview and Level Annotations

Branches:
Dungeon (11/15) Zot: 19835  Temple (1/1) D:6 Zot: 5896    Lair (5/5) D:8 Zot: 19882
  Swamp (0/4) Lair:3        Snake (0/4) Lair:2        Slime (0/5) Lair:4
    Orc (0/2) D:11          Sewer (visited)

Altars:
Ashenzari
Cheibriados
Dithmenos
Elyvilon
Fedhas
Gozag
Hepliaklqana
Kikubaaqudgha
Makhleb
Nemelex Xobeh
Okawaru
Qazlal
Ru
Sif Muna
Trog
Uskayaw
Vehumet
Wu Jian
Xom
Yredelemnul
Zin
The Shining One
Jiyva

Shops:
D:4 !   D:7 (   D:8 *   D:11 [   Lair:1 *   Lair:5 =*

Annotations:
D:1 exclusion: downstairs
D:2 exclusions: bat and endoplasm, Natasha, Sigmund
D:3 exclusion: downstairs
D:4 exclusions: downstairs and iguana, Dowan, Duvessa
D:5 exclusion: downstairs
D:6 1 runed translucent door, Crazy Yiuf
D:8 exclusion: door
D:11 Harold

#################################
................@3..○........$.$.
.........#########.#####.######$.
.........# #.# #.# *.. ...).....#
#.# #.# *$. .........# #.# #.#
*.. .........# #.# #.# *..
.........# #.# #.# *..
########.#***** *###***###*****..
# #...,,,***,,,,,,,**,,,,,,,


You could see a soul eater.


Message History

You slash the shadow!
The shadow convulses!
You destroy the shadow!
You start resting.
A soul eater comes into view.
HP[+35] MP[+11]
You regained 35 hp, and now have 58/95 hp.
Your mp is fully restored (42).
HP[+1] HP[+1]
You start resting.
A soul eater is nearby!
HP[+27]
You regained 27 hp, and now have 87/95 hp.
Casting: Ignite Poison (safe; 1% risk of failure)
Confirm with . or Enter, or press ? or * to list all spells.
You begin to radiate toxic energy.
MP[-4]
You lost 4 mp, and now have 38/42 mp.
Casting: Olgreb's Toxic Radiance (mildly dangerous; 1% risk of failure)
Confirm with . or Enter, or press ? or * to list all spells.
Aiming: Freezing Cloud (dangerous; 4% risk of failure)
Press: ? - help, Dir - move target That beam is likely to hit you.
Continue anyway?
You are engulfed in freezing vapours.
HP[-13] MP[-5]
You take 13 damage, and now have 74/95 hp.
You lost 5 mp, and now have 33/42 mp.
You are engulfed in freezing vapours.
Your toxic aura wanes.
The soul eater is engulfed in freezing vapours.
HP[-22] MP[+1]
You take 22 damage, and now have 52/95 hp.
MASSIVE DAMAGE!! (PAUSE)
The soul eater is engulfed in freezing vapours.
The soul eater is engulfed in freezing vapours.
The soul eater is engulfed in freezing vapours.
HP[+1] MP[+1]
The soul eater is engulfed in freezing vapours.
The soul eater is engulfed in freezing vapours.
You barely miss the soul eater. Your grab misses the soul eater.
Your squeeze misses the soul eater.
The soul eater hits you but does no damage.
The soul eater hits you.
HP[-2] MP[+1]
You take 2 damage, and now have 51/95 hp.
You barely miss the soul eater. Your grab misses the soul eater.
The soul eater hits you!!
* * * LOW HITPOINT WARNING * * *
HP[-18]
You take 18 damage, and now have 33/95 hp.
You closely miss the soul eater. Your grab misses the soul eater.
You squeeze the soul eater, but do no damage.
The soul eater closely misses you. The soul eater misses you.
You barely miss the soul eater. Your grab misses the soul eater.
The soul eater barely misses you.
HP[+1] MP[+1]
You hit the soul eater but do no damage.
Your grab misses the soul eater.
You squeeze the soul eater, but do no damage.
The soul eater closely misses you. The soul eater hits you!
* * * LOW HITPOINT WARNING * * *
HP[-9]
You take 9 damage, and now have 25/95 hp.
You feel much better. The soul eater misses you.
HP[+26] MP[+1]
You regained 26 hp, and now have 51/95 hp.
You slash the soul eater!
The soul eater convulses.
You grab the soul eater.
You constrict the soul eater, but do no damage.
The soul eater hits you!
* * * LOW HITPOINT WARNING * * *
HP[-9]
You take 9 damage, and now have 42/95 hp.
You hit the soul eater.
The soul eater convulses.
You constrict the soul eater, but do no damage.
The soul eater hits you!
* * * LOW HITPOINT WARNING * * *
The soul eater hits you!!
* * * LOW HITPOINT WARNING * * *
HP[-31]
You take 31 damage, and now have 11/95 hp.
MASSIVE DAMAGE!! (PAUSE)
You feel much better.
You constrict the soul eater, but do no damage.
The soul eater hits you!
* * * LOW HITPOINT WARNING * * *
HP[+17] MP[+1]
You regained 17 hp, and now have 28/95 hp.
You hit the soul eater but do no damage.
You squeeze the soul eater, but do no damage.
You constrict the soul eater, but do no damage.
The soul eater hits you!
* * * LOW HITPOINT WARNING * * *
HP[-7]
You take 7 damage, and now have 21/95 hp.
You hit the soul eater but do no damage.
You constrict the soul eater. The soul eater hits you!
* * * LOW HITPOINT WARNING * * *
The soul eater hits you!
You die...
Your body crumbles into a pile of gold.

Skill      XL: |  1  2  3  4  5  6  7  8  9 10 11 12 13 14 |
---------------+-------------------------------------------+-----
Stealth        | 3 4 5 |  5.0
Poison Magic   | 4 5 7 8 9 10 | 10.0
Transmutations | 3 5 6 7 |  7.6
Fire Magic     | 2 4 |  4.0
Fighting       | 2 5 7 8 |  8.6
Dodging        | 3 5 7 8 |  8.6
Spellcasting   | 4 5 6 7 |  7.2
Conjurations   | 3 6 8 10 | 10.0
Ice Magic      | 3 6 8 10 | 10.0
Air Magic      | 3 6 8 10 | 10.0

Action                   |  1- 3 |  4- 6 |  7- 9 | 10-12 | 13-15 || total
-------------------------+-------+-------+-------+-------+-------++-------
Melee: Dagger            |    37 |   100 |    39 |    36 |    17 ||   229
       Tentacles         |    12 |    21 |    16 |    18 |    22 ||    89
       Unarmed           |     2 |       |    14 |       |       ||    16
       Constrict         |    11 |    24 |    15 |    17 |    10 ||    77
       Punch             |       |       |     1 |     1 |       ||     2
       Long sword        |       |       |    13 |    24 |       ||    37
       War axe           |       |       |       |       |    36 ||    36
 Cast: Sting             |    49 |    48 |    44 |    12 |     2 ||   155
       Poisonous Vapours |       |    25 |    39 |    88 |    56 ||   208
       Olgreb's Toxic Ra |       |     3 |    39 |    43 |    24 ||   109
       Ignite Poison     |       |       |    19 |    74 |    50 ||   143
       Freezing Cloud    |       |       |       |    17 |    58 ||    75
Invok: Call Merchant     |       |       |       |     1 |     2 ||     3
Evoke: Wand              |       |       |     4 |    12 |     1 ||    17
  Use: Scroll            |       |    11 |     3 |     9 |     3 ||    26
       Potion            |       |       |     5 |       |     5 ||    10
 Stab: Sleeping          |     1 |    22 |       |     1 |       ||    24
       Distracted        |       |       |       |     1 |       ||     1
Armor: Skin              |     7 |     7 |    24 |     6 |     9 ||    53
Dodge: Dodged            |    33 |    79 |    69 |    86 |    70 ||   337

Levels and vault maps discovered:
D:1:      nagdon_arrival_zigzag_paths, layout_loops_ring,
          shapermc_ecumenical_altar_mp_ritualfount
D:2:      layout_rooms, nicolae_figureground_pulse, uniq_sigmund, uniq_natasha,
          uniq_robin
D:3:      layout_loops_ring, tso_altar, serial_undead, serial_undead_b,
          serial_undead_b, serial_undead_c, serial_undead_c,
          minmay_goblin_outpost
D:4:      layout_rooms, fedhas_altar_2, lightli_sewer_entry_pipes, serial_shops,
          shop, minmay_misc_feat_x, uniq_duvessa
D:5:      layout_basic, mainiacjoe_overflow_concentric_impassable,
          mainiacjoe_overflow_brackets, dreamdust_wishing_well
D:6:      layout_loops_cross, grunt_gozag_statues, minmay_temple_entry_junction,
          minmay_manual_mail, uniq_edmund, uniq_crazy_yiuf_cottage, uniq_maggie,
          uniq_menkaure
D:7:      layout_loops_cross, serial_shops, shop, chequers_serial_rivers_small_a
D:8:      minmay_the_grid_four_pointed_star
          [minmay_the_grid_triangle_9x9_minimal,
          minmay_the_grid_triangle_9x9_wacky_v,
          minmay_the_grid_triangle_9x9_semitri,
          minmay_the_grid_triangle_9x9_corrupted_corridor,
          minmay_the_grid_prize_shrinking_boxes], layout_loops_ring,
          lair_entry_dummy, special_room [special_room_kobold], serial_shops,
          nicolae_shop_statue_plus, uniq_gastronok
D:9:      layout_rooms, nicolae_hepliaklqana_hazy_memory, nicolae_wand_duel,
          uniq_psyche
D:10:     layout_irregular_city, lemuel_coloured_pillars_altar, bloody_makhleb,
          marbit_many_paths, uniq_nergalle, uniq_sonja
D:11:     layout_small_grid, david_orc_1_choice, serial_shops,
          kennysheep_little_box, serial_demonic, serial_demonic_g,
          serial_demonic_c, serial_demonic_e, serial_demonic_a,
          minmay_tree_intersection, uniq_maurice, uniq_harold
Temple:   dshaligram_water_room_temple
Lair:1:   layout_cave_pods, nzn_sisyphean_effort
Lair:2:   layout_cave_pods, dummy_snake_entry, serial_forest,
          infiniplex_forest_diagonal, infiniplex_forest_lined_3_way,
          infiniplex_forest_lined_4_way, infiniplex_forest_pool,
          infiniplex_forest_clump_curved, infiniplex_forest_lined_room_3,
          infiniplex_forest_straight_3, infiniplex_forest_clump_tiny,
          infiniplex_forest_lined_2
Lair:3:   layout_loops_ring, swamp_mist_pool, serial_rivers,
          chequers_serial_rivers_micro_d, chequers_serial_rivers_small_a,
          chequers_serial_rivers_micro_b, chequers_serial_rivers_large_a,
          chequers_serial_rivers_marsh
Lair:4:   layout_hall_layers, slime_entry_1, st_stairs_13
Lair:5:   guppyfry_lair_end_dragon, layout_small_grid, wormcave, minivault_27,
          dreamdust_wasp_nest

Notes
Turn   | Place    | Note
-------+----------+-------------------------------------------
     0 | D:1      | zeratav the Octopode Venom Mage began the quest for the
                  | Orb.
     0 | D:1      | Reached XP level 1. HP: 11/11 MP: 3/3
     0 | D:1      | magus.rc [v1.9.6]
    92 | D:1      | Reached skill level 3 in Stealth
   312 | D:1      | Found a faded altar of an unknown god.
   315 | D:1      | Reached skill level 4 in Poison Magic
   315 | D:1      | Reached XP level 2. HP: 17/17 MP: 5/5
   831 | D:1      | Reached XP level 3. HP: 21/21 MP: 6/6
   833 | D:1      | You add the spells Ozocubu's Refrigeration and Ignition to
                  | your library.
   842 | D:1      | Reached skill level 4 in Stealth
   910 | D:1      | You add the spells Ignite Poison and Freezing Cloud to your
                  | library.
  1707 | D:2      | Reached XP level 4. HP: 21/27 MP: 0/7
  1827 | D:2      | Noticed Sigmund
  1904 | D:1      | HP: 1/27 [gnoll/+0 club (8)]
  1906 | D:1      | Reached skill level 5 in Poison Magic
  2248 | D:1      | magus.rc [v1.9.6]
  2415 | D:1      | Reached skill level 5 in Stealth
  2444 | D:1      | Learned a level 2 spell: Poisonous Vapours
  2726 | D:2      | Noticed Robin
  2768 | D:2      | Killed Robin
  2791 | D:2      | Reached XP level 5. HP: 19/31 MP: 3/8
  3093 | D:2      | Noticed Natasha
  3160 | D:3      | Learned a level 4 spell: Olgreb's Toxic Radiance
  3254 | D:3      | Reached skill level 6 in Poison Magic
  3452 | D:3      | Found a glowing golden altar of the Shining One.
  4444 | D:4      | Reached skill level 7 in Poison Magic
  4444 | D:4      | Reached XP level 6. HP: 36/36 MP: 9/9
  4461 | D:4      | Found a glowing drain.
  4470 | Sewer    | Entered a sewer
  4856 | D:4      | Found Uptar's Distillery.
  4864 | D:4      | Bought a potion of heal wounds for 55 gold pieces
  4864 | D:4      | Bought a potion of curing for 33 gold pieces
  4943 | D:4      | Noticed Duvessa
  4943 | D:4      | Noticed Dowan
  5026 | D:4      | Reached skill level 8 in Poison Magic
  5220 | D:4      | Reached XP level 7. HP: 41/41 MP: 1/10
  5349 | D:4      | Found a blossoming altar of Fedhas.
  5553 | D:5      | Entered Level 5 of the Dungeon
  5576 | D:5      | Reached skill level 9 in Poison Magic
  5609 | D:5      | HP: 2/42 [centaur/arrow (11)]
  6420 | D:5      | Reached skill level 2 in Transmutations
  6420 | D:5      | Reached skill level 1 in Fire Magic
  6566 | D:5      | Reached skill level 2 in Fire Magic
  6936 | D:5      | Reached skill level 3 in Transmutations
  6936 | D:5      | Reached XP level 8. HP: 47/47 MP: 3/11
  7023 | D:5      | Reached skill level 3 in Fire Magic
  7074 | D:5      | Found a shadowy altar of Dithmenos.
  7373 | D:5      | Found a basalt altar of Yredelemnul.
  7734 | D:5      | Reached skill level 4 in Transmutations
  7979 | D:5      | Reached skill level 4 in Fire Magic
  8045 | D:5      | Learned a level 3 spell: Ignite Poison
  8173 | D:5      | magus.rc [v1.9.6]
  8266 | D:6      | Noticed Menkaure
  8286 | D:6      | Killed Menkaure
  8585 | D:6      | Reached skill level 5 in Transmutations
  8622 | D:6      | Found an opulent altar of Gozag.
  8634 | D:6      | Noticed Maggie
  8638 | D:6      | Became a worshipper of Gozag Ym Sagoz the Greedy
  8644 | D:6      | HP: 1/47 [Maggie/bolt of fire (33)]
  9070 | D:6      | Killed Maggie
  9071 | D:6      | Reached skill level 10 in Poison Magic
  9071 | D:6      | Reached skill level 2 in Fighting
  9071 | D:6      | Reached skill level 3 in Dodging
  9071 | D:6      | Reached XP level 9. HP: 46/54 MP: 2/12
  9339 | D:6      | Noticed a six-headed hydra
  9447 | D:6      | HP: 12/55 [bullfrog (7)]
  9802 | D:6      | Reached skill level 3 in Fighting
  9856 | D:6      | Noticed Edmund
  9998 | D:6      | Reached skill level 4 in Dodging
 10083 | D:6      | Killed Edmund
 10084 | D:6      | Reached skill level 3 in Spellcasting
 10470 | D:6      | Found a staircase to the Ecumenical Temple.
 10526 | D:6      | Reached skill level 4 in Fighting
 10734 | Temple   | Entered the Ecumenical Temple
 11006 | D:6      | Found a runed translucent door.
 11009 | D:6      | Noticed Crazy Yiuf
 11334 | D:7      | Reached skill level 5 in Dodging
 11336 | D:7      | Reached skill level 4 in Spellcasting
 11485 | D:7      | Reached skill level 5 in Fighting
 11589 | D:7      | Reached XP level 10. HP: 66/66 MP: 8/16
 11870 | D:7      | You pick up a book of Burglary and begin reading...
 11870 | D:7      | You add the spells Passwall, Ensorcelled Hibernation and
                  | Swiftness to your library.
 12015 | D:7      | Found Fanicw's Antique Weapon Shop.
 12037 | D:8      | You fall into a shaft and drop 3 floors!
 12091 | D:11     | Found Hafusiu's Armour Boutique.
 12103 | D:11     | Reached skill level 6 in Dodging
 12419 | D:11     | Noticed Harold
 12463 | D:10     | Entered Level 10 of the Dungeon
 12466 | D:9      | Found a hazy altar of Hepliaklqana.
 12474 | D:9      | Identified the +3 trident "Octopus's Foe" {vorpal, *Slow
                  | Str+3 Int+2 Dex+4}
 12503 | D:8      | Reached skill level 5 in Spellcasting
 12546 | D:8      | Noticed a manticore
 12551 | D:8      | Reached skill level 6 in Fighting
 12788 | D:8      | Noticed a kobold demonologist
 12912 | D:8      | Killed a kobold demonologist
 12913 | D:8      | Reached skill level 7 in Fighting
 12913 | D:8      | Reached skill level 7 in Dodging
 12926 | D:8      | Killed a manticore
 12927 | D:8      | Reached skill level 1 in Conjurations
 12927 | D:8      | Reached skill level 1 in Ice Magic
 12927 | D:8      | Reached skill level 1 in Air Magic
 13128 | D:8      | Noticed Gastronok
 13231 | D:8      | Killed Gastronok
 13232 | D:8      | Reached skill level 3 in Conjurations
 13232 | D:8      | Reached skill level 3 in Ice Magic
 13232 | D:8      | Reached skill level 3 in Air Magic
 13382 | D:8      | Reached XP level 11. HP: 75/75 MP: 7/18
 13402 | D:8      | Noticed a two-headed ogre
 13405 | D:8      | Killed a two-headed ogre
 13544 | D:8      | Found a staircase to the Lair.
 13698 | D:8      | Identified the +3 war axe of the Moth {holy, Fragile rN+++
                  | MP+9}
 13698 | D:8      | Identified the +0 robe of Petti {rC+ Will+ Archmagi}
 13833 | D:8      | Reached skill level 4 in Conjurations
 13833 | D:8      | Reached skill level 4 in Ice Magic
 13833 | D:8      | Reached skill level 4 in Air Magic
 14679 | D:8      | Identified the +0 scale mail of Dinicruri {Rampage rPois
                  | MP+9 Int-5}
 14691 | D:8      | HP: 4/69 [wight/+3 great sword (19)]
 15230 | D:8      | Found Biklonn's General Store.
 15396 | D:8      | Noticed a two-headed ogre
 15399 | D:8      | Noticed a centaur warrior
 15689 | D:9      | Noticed a two-headed ogre
 15692 | D:9      | Killed a two-headed ogre
 15693 | D:9      | Reached skill level 5 in Conjurations
 15693 | D:9      | Reached skill level 5 in Ice Magic
 15693 | D:9      | Reached skill level 5 in Air Magic
 15748 | D:9      | Noticed Psyche
 15753 | D:9      | Killed Psyche
 15934 | D:9      | Noticed a two-headed ogre
 15938 | D:9      | Killed a two-headed ogre
 16272 | D:10     | Noticed Sonja
 16275 | D:10     | Killed Sonja
 16577 | D:10     | Found a shimmering blue altar of Sif Muna.
 16612 | D:10     | Found a burning altar of Makhleb.
 16792 | D:10     | Noticed a cyclops
 16795 | D:10     | Killed a cyclops
 16796 | D:10     | Reached skill level 6 in Conjurations
 16796 | D:10     | Reached skill level 6 in Ice Magic
 16796 | D:10     | Reached skill level 6 in Air Magic
 16813 | D:10     | Found a sparkling altar of Nemelex Xobeh.
 17067 | D:10     | Noticed Nergalle
 17072 | D:10     | Killed Nergalle
 17230 | D:10     | You add the spells Leda's Liquefaction and Eringya's
                  | Noxious Bog to your library.
 17230 | D:10     | Got Womecra's Cyclopedia of Metamorphic Terrain
 17451 | Lair:1   | Entered Level 1 of the Lair of Beasts
 17716 | Lair:1   | Bought a knobbly golden ring for 160 gold pieces
 17716 | Lair:1   | Bought a scroll labelled HAVIUM JEVEOMI for 32 gold pieces
 17716 | Lair:1   | Bought a scroll of identify for 64 gold pieces
 17803 | Lair:1   | Noticed a boulder beetle
 17810 | Lair:1   | Killed a boulder beetle
 17811 | Lair:1   | Reached XP level 12. HP: 56/81 MP: 16/19
 17922 | Lair:1   | Learned a level 5 spell: Freezing Cloud
 17926 | Lair:1   | Learned a level 3 spell: Swiftness
 18715 | Lair:1   | Upgraded the game from 0.29-a0-870-g2c972031a6 to
                  | 0.29-a0-872-g797fff5ad1
 18715 | Lair:1   | magus.rc [v1.9.6]
 18954 | Lair:2   | Found a staircase to the Snake Pit.
 19005 | Lair:2   | Reached skill level 7 in Conjurations
 19005 | Lair:2   | Reached skill level 7 in Ice Magic
 19005 | Lair:2   | Reached skill level 7 in Air Magic
 20519 | Lair:3   | Reached skill level 8 in Conjurations
 20522 | Lair:3   | Reached skill level 8 in Ice Magic
 20522 | Lair:3   | Reached skill level 8 in Air Magic
 21398 | Lair:3   | Found a staircase to the Swamp.
 21421 | Lair:3   | You fall into a shaft and drop 1 floor!
 21657 | Lair:3   | Reached XP level 13. HP: 69/86 MP: 0/20
 21938 | Lair:3   | Reached skill level 9 in Conjurations
 21938 | Lair:3   | Reached skill level 9 in Ice Magic
 21938 | Lair:3   | Reached skill level 9 in Air Magic
 22840 | Lair:4   | Found a staircase to the Slime Pits.
 22840 | Lair:4   | Found a viscous altar of Jiyva.
 22875 | Lair:4   | You pick up a book of Displacement and begin reading...
 22875 | Lair:4   | You add the spells Lesser Beckoning, Gell's Gravitas and
                  | Teleport Other to your library.
 23596 | Lair:5   | Entered Level 5 of the Lair of Beasts
 24177 | Lair:5   | Reached skill level 10 in Conjurations
 24177 | Lair:5   | Reached skill level 10 in Ice Magic
 24177 | Lair:5   | Reached skill level 10 in Air Magic
 24878 | Lair:5   | Reached skill level 6 in Transmutations
 25208 | Lair:5   | Reached skill level 6 in Spellcasting
 25836 | Lair:5   | Found a runed translucent door.
 25837 | Lair:5   | Noticed a fire dragon
 25859 | Lair:5   | Reached XP level 14. HP: 42/93 MP: 13/23
 26285 | Lair:5   | Reached skill level 8 in Fighting
 26285 | Lair:5   | Reached skill level 8 in Dodging
 26400 | Lair:5   | Reached skill level 7 in Transmutations
 27442 | Lair:5   | Bought a ring of protection from fire for 250 gold pieces
 27442 | Lair:5   | Bought a scroll of teleportation for 30 gold pieces
 27442 | Lair:5   | Bought a scroll of blinking for 75 gold pieces
 27856 | D:11     | Reached skill level 7 in Spellcasting
 29395 | D:11     | Noticed Maurice
 29406 | D:11     | Killed Maurice
 29423 | D:11     | HP: 23/95 [shadow (6)]
 29696 | D:11     | HP: 11/95 [soul eater (21)]
 29699 | D:11     | Mangled by a soul eater

Vanquished Creatures
  Gastronok (D:8)
  2 fire dragons (Lair:5)
  2 hydras
  2 catoblepae (Lair:5)
  A boulder beetle (Lair:1)
  3 two-headed ogres
  4 death yaks (Lair:5)
  A soul eater (D:10)
  Sonja (D:10)
  Nergalle (D:10)
  A sixfirhy (D:11)
  A swamp dragon (Lair:5)
  3 lindwurms (Lair:5)
  A manticore (D:8)
  Maurice (D:11)
  2 cyclopes
  3 black mambas
  23 elephants
  A rust devil (D:11)
  A kobold demonologist (D:8)
  6 torpor snails (Lair:5)
  13 cane toads
  7 komodo dragons
  Maggie (D:6)
  Psyche (D:9)
  2 rime drakes (Lair:5)
  A hellwing (D:11)
  A red devil (D:11)
  A polar bear (Lair:5)
  2 trolls (D:9)
  11 hornets (Lair:5)
  3 tyrant leeches (Lair:5)
  3 blink frogs (Lair:5)
  4 dream sheep (Lair:5)
  2 shadows (D:11)
  2 wyverns
  2 wraiths
  11 yaks
  4 basilisks
  2 steam dragons (Lair:5)
  2 vampire mosquitoes (D:11)
  Menkaure (D:6)
  Edmund (D:6)
  2 acid dragons
  4 water moccasins
  A water moccasin (shapeshifter) (D:8)
  An ice beast (D:6)
  A black bear (D:6)
  5 sky beasts
  A swamp drake (Lair:5)
  A tengu (D:10)
  2 orc warriors
  5 centaurs
  An ogre (D:5)
  4 wolves (Lair:1)
  14 kobold brigands
  9 bullfrogs
  2 necrophages
  3 scorpions
  6 wights (D:8)
  15 killer bees
  2 howler monkeys (D:8)
  An electric eel (Lair:3)
  5 jellies
  2 quasits (D:11)
  2 gnoll boudas
  6 hounds
  7 orc priests
  7 iguanas
  A hell rat (Sewer)
  11 orc wizards
  A hound zombie (D:3)
  A hound skeleton (D:3)
  Robin (D:2)
  14 gnolls
  6 adders
  6 river rats
  A shadow imp (D:5)
  2 white imps
  An ufetubus (D:6)
  3 worms (D:2)
  2 dart slugs
  46 orcs
  6 ball pythons
  6 bats
  13 endoplasms
  2 giant cockroaches
  14 goblins
  7 hobgoblins
  4 jackals (D:1)
  31 kobolds
  6 quokkas
  A ball python skeleton (D:3)
  A ball python zombie (D:3)
  6 frilled lizards
  A quokka skeleton (D:3)
  12 rats
  A bush (Lair:5)
454 creatures vanquished.

Vanquished Creatures (others)
  8 demonic plants (D:11)
  47 fungi
  87 plants
  3 withered plants (D:3)
145 creatures vanquished.

Grand Total: 599 creatures vanquished

Table legend:
 A = Non-vault XP
 B = Vault XP
 C = Vault XP percentage of total XP
 D = Non-vault monster count
 E = Vault monster count
 F = Vault count percentage of total count
                 A         B        C        D         E       F
            +---------+---------+-------+---------+---------+-------
      Total |   44617 |   24175 |  35.1 |     331 |     122 |  26.9
            +---------+---------+-------+---------+---------+-------
        D:1 |      78 |       0 |   0.0 |      31 |       0 |   0.0
        D:2 |      65 |      35 |  35.0 |      16 |      11 |  40.7
        D:3 |      44 |      49 |  52.7 |      18 |       9 |  33.3
        D:4 |     209 |      81 |  27.9 |      19 |       9 |  32.1
        D:5 |    1028 |      40 |   3.7 |      34 |       1 |   2.9
        D:6 |     746 |    1378 |  64.9 |      15 |       9 |  37.5
        D:7 |    1091 |       0 |   0.0 |      14 |       0 |   0.0
        D:8 |    1890 |    5002 |  72.6 |      40 |      28 |  41.2
        D:9 |    2911 |     365 |  11.1 |      25 |       1 |   3.8
       D:10 |    1081 |    2453 |  69.4 |      11 |       4 |  26.7
       D:11 |    2691 |    2505 |  48.2 |      21 |       9 |  30.0
     Lair:1 |     603 |     849 |  58.5 |       5 |       1 |  16.7
     Lair:2 |    3959 |       0 |   0.0 |      14 |       0 |   0.0
     Lair:3 |   12001 |       0 |   0.0 |      29 |       0 |   0.0
     Lair:4 |    1409 |      93 |   6.2 |       6 |       1 |  14.3
     Lair:5 |   14811 |   11257 |  43.2 |      33 |      31 |  48.4
      Sewer |       0 |      68 | 100.0 |       0 |       8 | 100.0
            +---------+---------+-------+---------+---------+-------

Illustrated notes

Table legend:
 A = Kills in this place as a percentage of kills in entire the game.
 B = Kills by you in this place as a percentage of kills by you in the entire game.
 C = Kills by friends in this place as a percentage of kills by friends in the entire game.
 D = Other kills in this place as a percentage of other kills in the entire game.
 E = Experience gained in this place as a percentage of experience gained in the entire game.
 F = Experience gained in this place divided by the number of levels of this place that you have seen.
                   A       B       C       D       E      F
               +-------+-------+-------+-------+-------+----------------------
         Total | 100.0 | 100.0 |   N/A |   N/A | 100.0 | 3821.8
       Dungeon |  71.7 |  71.7 |   N/A |   N/A |  34.5 | 2158.4
          Lair |  26.5 |  26.5 |   N/A |   N/A |  65.4 | 8996.4
         Sewer |   1.8 |   1.8 |   N/A |   N/A |   0.1 |  68.0
               +-------+-------+-------+-------+-------+----------------------

Table legend: (Time is in decaauts)
 A = Elapsed time spent in this place.
 B = Non-inter-level travel time spent in this place.
 C = Inter-level travel time spent in this place.
 D = Time resting spent in this place.
 E = Time spent auto-exploring this place.
 F = Levels seen in this place.
 G = Mean time per level.
                   A        B        C        D        E       F      G
               +--------+--------+--------+--------+--------+-----+--------+
         Total |  29752 |  28355 |   1397 |  12900 |   8351 |  18 | 1652.9 |
       Dungeon |  19330 |  18362 |    968 |   8576 |   5699 |  11 | 1757.3 |
        Temple |    103 |     87 |     16 |      0 |     76 |   1 |  103.0 |
          Lair |  10117 |   9704 |    413 |   4253 |   2562 |   5 | 2023.4 |
         Sewer |    200 |    200 |      0 |     71 |     14 |   1 |  200.0 |
               +--------+--------+--------+--------+--------+-----+--------+

Top non-repeatable levels by time:
  Lair:5: 3680 daAuts
     D:5: 2837 daAuts
     D:8: 2723 daAuts
     D:6: 2201 daAuts
  Lair:3: 2039 daAuts
     D:1: 2008 daAuts
    D:11: 1917 daAuts
  Lair:2: 1877 daAuts
    D:10: 1745 daAuts
  Lair:1: 1353 daAuts
     D:4: 1330 daAuts
     D:3: 1266 daAuts
  Lair:4: 1166 daAuts
     D:2: 1105 daAuts
     D:7: 1099 daAuts
